 Dungeon Crawl Stone Soup version 0.22-a0-515-g75794bf (webtiles) character file.

388 Amnesiac the Ducker (level 6, -1/48 HPs)
             Began as a Spriggan Berserker on June 19, 2018.
             Was a Priest of Trog.
             Slain by an orc wizard
             ... wielding a +0 dagger
              (7 damage)
             ... on level 4 of the Dungeon.
             The game lasted 00:05:43 (2668 turns).

Amnesiac the Ducker (Spriggan Berserker)            Turns: 2668, Time: 00:05:43

Health: -1/48      AC:  2    Str: 20    XL:     6   Next: 49%
Magic:  7/7        EV: 22    Int:  8    God:    Trog [***...]
Gold:   205        SH:  0    Dex: 16    Spells: 5/5 levels left

rFire    . . .     SeeInvis +   k - +2 dagger (elec)
rCold    . . .     Gourm    .   (shield restricted)
rNeg     . . .     Faith    .   c - +0 animal skin
rPois    .         Spirit   .   (helmet restricted)
rElec    .         Reflect  .   (no cloak)
rCorr    .         Harm     .   (gloves unavailable)
MR       +....                  (boots unavailable)
Stlth    ..........             (no amulet)
HPRegen  0.16/turn              (no ring)
MPRegen  0.10/turn              (no ring)

@: berserking, very quick
A: very small, unfitting armour, see invisible, herbivore, speed 3, slow
metabolism 2
a: Berserk, Trog's Hand, Renounce Religion


You were on level 4 of the Dungeon.
You worshipped Trog.
Trog was most pleased with you.
You were hungry.

You visited 1 branch of the dungeon, and saw 4 of its levels.

You collected 205 gold pieces.

Inventory:

Hand Weapons
 a - a +1 dagger of draining
 b - a +3 dagger of speed
 k - a +2 dagger of electrocution (weapon)
Armour
 c - a +0 animal skin (worn)
Jewellery
 g - an uncursed amulet of faith {unknown}
Scrolls
 d - a scroll of remove curse {!r}
 e - 2 scrolls of enchant weapon {!r}
 f - a scroll of teleportation {!r}
 j - a scroll of enchant armour {!r}
Potions
 h - a potion of lignification {!q, unknown}
 l - a potion of ambrosia {!q, unknown}
 m - a potion of heal wounds {!q, unknown}
Comestibles
 i - 4 rations


   Skills:
 - Level 2.4 Fighting
 * Level 7.0 Short Blades
 + Level 7.0 Dodging


You had 5 spell levels left.
You didn't know any spells.
Your spell library was empty.

Dungeon Overview and Level Annotations

Branches:
Dungeon (4/15)
 Temple: D:4-7

Altars:


Innate Abilities, Weirdness & Mutations

You are very small and have problems with some larger weapons.
You are too small for most types of armour.
You have supernaturally acute eyesight. (SInv)
You are a herbivore.
You cover ground extremely quickly.
You need to consume almost no food.


Message History

You hit the orc.
The orc is moderately wounded.
You hit the orc.
The orc is severely wounded.
The orc hits you but does no damage.
You hit the orc but do no damage. Lightning courses through the orc!
You kill the orc!
Trog accepts your kill.
You barely miss the giant cockroach. You barely miss the giant cockroach.
The jackal misses you. The giant cockroach barely misses you.
You hit the giant cockroach but do no damage.
The jackal bites you.
* * * LOW HITPOINT WARNING * * *
The giant cockroach barely misses you.
You hit the giant cockroach.
The giant cockroach is almost dead.
The jackal bites you.
* * * LOW HITPOINT WARNING * * *
The giant cockroach completely misses you.
You hit the giant cockroach.
You kill the giant cockroach!
Trog accepts your kill. The jackal bites you.
* * * LOW HITPOINT WARNING * * *
You closely miss the jackal. The jackal bites you.
* * * LOW HITPOINT WARNING * * *
You hit the jackal. Lightning courses through the jackal!
You kill the jackal!
Trog accepts your kill.
You hit the jackal.
The jackal is heavily wounded.
The jackal barely misses you.
You hit the jackal.
You kill the jackal!
Trog accepts your kill.
Your Short Blades skill increases to level 7!
You hit the orc.
The orc is moderately wounded.
The orc hits you with a short sword.
* * * LOW HITPOINT WARNING * * *
You hit the orc.
The orc is almost dead.
You hit the orc wizard.
The orc wizard is lightly wounded.
You closely miss the orc wizard.
The orc wizard is lightly wounded.
Okay, then.
You barely miss the orc wizard.
The orc wizard is lightly wounded.
You hear the slow rusting of a very distant drain.
The orc wizard points at you and mumbles some strange words.
The magic dart hits you!
* * * LOW HITPOINT WARNING * * *
A red film seems to cover your vision as you go berserk!
You feel yourself moving faster!
You feel mighty!
You are feeling hungry.
The orc wizard hits you but does no damage.
You closely miss the orc wizard.
The orc wizard is lightly wounded.
You closely miss the orc wizard.
The orc wizard is lightly wounded.
The orc wizard hits you with a dagger!
You die...

# . .......
..........
...s...# ####
..o....# ....
.o....# ....
.....# ....
.ยง.#########...#
####
.......oo@.)..#
..#
...#########.##
#... .....###..##
## #.......# .#
#. ####....# .#
#. ##...##.# .#
#. ##.<#.# .# .#
#. ##..##.# .. .#
#.##..###.# ##.


You could see an orc wizard and an orc.

Vanquished Creatures
  A scorpion (D:4)
  2 orc priests (D:4)
  4 orc wizards (D:4)
  A howler monkey skeleton (D:4)
  7 adders
  2 oozes
  4 worms
  2 dart slugs
  3 leopard geckos
  4 orcs
  A giant cockroach (D:4)
  10 goblins
  8 hobgoblins
  5 jackals
  2 quokkas (D:3)
  5 ball pythons
  3 bats
  2 frilled lizards
  6 kobolds
  A leopard gecko skeleton (D:4)
  3 rats
76 creatures vanquished.

Notes
Turn   | Place    | Note
-------+----------+-------------------------------------------
     0 | D:1      | Amnesiac the Spriggan Berserker began the quest for the Orb.
     0 | D:1      | Reached XP level 1. HP: 11/11 MP: 2/2
   128 | D:1      | Reached XP level 2. HP: 16/16 MP: 3/3
   959 | D:2      | Reached XP level 3. HP: 19/19 MP: 4/4
   988 | D:2      | Reached skill level 5 in Dodging
  1294 | D:2      | Reached ** piety under Trog
  1514 | D:2      | Reached XP level 4. HP: 14/23 MP: 5/5
  1807 | D:3      | Reached skill level 5 in Short Blades
  2355 | D:3      | Reached XP level 5. HP: 25/27 MP: 6/6
  2467 | D:4      | Reached XP level 6. HP: 31/32 MP: 7/7
  2651 | D:4      | Reached *** piety under Trog
  2668 | D:4      | Slain by an orc wizard

Vault maps used:
D:1:      eino_arrival_cavern_d
D:3:      cheibrodos_old_hovel, first_ration, minmay_shallow_snake_nest
D:4:      cheibrodos_sewer_entry_bend

Skill      XL: |  1  2  3  4  5  6 |
---------------+-------------------+-----
Short Blades   | 4 5 6 7 |  7.0
Dodging        | 5 6 7 |  7.0
Fighting       | |  2.4

Action                   |  1- 3 |  4- 6 || total
-------------------------+-------+-------++-------
Melee: Short sword       |    61 |       ||    61
       Dagger            |    62 |   175 ||   237
Invok: Berserk           |     1 |     2 ||     3
  Use: Scroll            |       |     7 ||     7
  Eat: Ration            |     1 |       ||     1
Armor: Animal skin       |    11 |     2 ||    13
Dodge: Dodged            |    99 |    62 ||   161

Table legend:
 A = Spawn XP
 B = Non-spawn XP
 C = Spawn XP percentage of total XP
 D = Spawn monster count
 E = Non-spawn monster count
 F = Spawn count percentage of total count
 G = Total turns spent on level
                    A         B        C        D         E        F      G
               +---------+---------+-------+---------+---------+-------+---------
         Total |       0 |     555 |   0.0 |       0 |      76 |   0.0 |  2668
               +---------+---------+-------+---------+---------+-------+---------
           D:1 |       0 |      36 |   0.0 |       0 |      17 |   0.0 |  1086
           D:2 |       0 |      64 |   0.0 |       0 |      19 |   0.0 |   706
           D:3 |       0 |     102 |   0.0 |       0 |      23 |   0.0 |   650
           D:4 |       0 |     353 |   0.0 |       0 |      17 |   0.0 |   226
               +---------+---------+-------+---------+---------+-------+---------
